[Event "Titled Tuesday Blitz April 11 Early 2023"]
[White "Svane, Frederik"]
[Black "Zarubitski, Viachaslau"]
[WhiteFideId "12923044"]
[BlackFideId "13509373"]
[WhiteElo "2502"]
[BlackElo "2284"]
[Result "1-0"]
[Round "06"]
[TimeControl "180+2"]
[Date "2023.04.11"]
[WhiteClock "0:01:18"]
[BlackClock "0:00:01"]

1. g3 Nf6 2. Bg2 g6 3. c4 Bg7 4. Nc3 O-O 5. d3 c6 6. e4 e5 7. Nge2 d6 8. O-O a5 9. h3 Na6 10. Be3 Be6 11. b3 d5 12. exd5 cxd5 13. Bg5 dxc4 14. dxc4 Qc8 15. Kh2 h6 16. Bxf6 Bxf6 17. Nd5 Bd8 18. Qd2 Kh7 19. Nec3 Nc5 20. Rad1 Ra6 21. Qe3 Nd7 22. f4 exf4 23. Qxf4 Bg5 24. Qf2 f5 25. Ne2 Nf6 26. Ndf4 Bf7 27. Nc3 h5 28. Kh1 Re8 29. Rfe1 Rxe1+ 30. Rxe1 Qd7 31. Ncd5 Rd6 32. Re7 Qxe7 33. Nxe7 h4 34. Ned5 hxg3 35. Qxg3 Bh6 36. Nh5 1-0


[Site "https://www.chess.com"]

[Event "Titled Tuesday Blitz April 11 Early 2023"]
[White "Narayanan, Srinath"]
[Black "Kumala, Aleksander"]
[WhiteFideId "5018420"]
[BlackFideId "1141880"]
[WhiteElo "2438"]
[BlackElo "2269"]
[Result "1-0"]
[Round "06"]
[TimeControl "180+2"]
[Date "2023.04.11"]
[WhiteClock "0:00:53"]
[BlackClock "0:00:13"]

1. Nf3 Nf6 2. c4 e6 3. d4 Nc6 4. g3 Bb4+ 5. Nbd2 d6 6. Bg2 Qe7 7. O-O Bxd2 8. Bxd2 e5 9. dxe5 Nxe5 10. Nxe5 dxe5 11. Qa4+ Bd7 12. Qb3 Rb8 13. Be3 b6 14. h3 O-O 15. Rfd1 Rfd8 16. Qc3 a5 17. c5 Bb5 18. cxb6 cxb6 19. Rxd8+ Qxd8 20. Qxe5 Bxe2 21. Bf4 Rc8 22. Qxe2 h6 23. Rd1 Qf8 24. Bd6 Qe8 25. Qxe8+ Nxe8 26. Be5 f6 27. Bc3 Kf7 28. h4 Kg6 29. Be4+ f5 30. Bf3 a4 31. a3 b5 32. Rd7 Nf6 33. h5+ Nxh5 34. Bxh5+ Kxh5 35. Rxg7 b4 36. Bxb4 Rc2 37. Bc3 Re2 38. Kg2 Re6 39. Kh3 Re2 40. f3 Re3 41. Kg2 Re2+ 42. Kf1 Rc2 43. Be1 Rc4 44. Kg2 Rd4 45. Bf2 Rc4 46. Kh3 Rh4+ 47. gxh4 f4 48. Ra7 1-0


[Site "https://www.chess.com"]

[Event "Titled Tuesday Blitz April 11 Early 2023"]
[White "So, Wesley"]
[Black "Al-Tarboush, Ward"]
[WhiteFideId "5202213"]
[BlackFideId "7601450"]
[WhiteElo "2749"]
[BlackElo "2265"]
[Result "1-0"]
[Round "06"]
[TimeControl "180+2"]
[Date "2023.04.11"]
[WhiteClock "0:00:33"]
[BlackClock "0:00:46"]

1. d4 d5 2. Nf3 Nf6 3. Bf4 c5 4. e3 Nc6 5. Nbd2 cxd4 6. exd4 Bf5 7. c3 e6 8. Nh4 Bg6 9. Nxg6 hxg6 10. Bd3 Bd6 11. Be3 Qc7 12. g3 Nh5 13. Nf3 O-O-O 14. Qa4 Kb8 15. O-O-O Nf6 16. h3 Nd7 17. Kb1 Nb6 18. Qc2 Na5 19. h4 Nbc4 20. Bc1 Qb6 21. Ka1 Qc7 22. Ng5 Rdf8 23. Rhe1 Ka8 24. Re2 Be7 25. Rde1 Nd6 26. Bf4 Qd7 27. Nf3 Nc6 28. Qa4 Nc8 29. Bb5 Nb6 30. Qc2 Bd6 31. Bc1 a6 32. Bd3 Rc8 33. Qb3 Ka7 34. Ng5 Na5 35. Qd1 Rc7 36. Nxf7 Qxf7 37. Rxe6 Qd7 38. Rxg6 Rhc8 39. Ree6 Rc6 40. Bf5 Qc7 41. Rxd6 Rxd6 42. Bf4 Nbc4 43. Bxc8 Qxc8 44. Bxd6 Qf5 45. Bc5+ b6 46. Rxg7+ Ka8 47. Qg4 Qxg4 48. Rxg4 bxc5 49. h5 cxd4 50. h6 d3 51. h7 d2 52. h8=Q+ Kb7 53. Rg7+ Kb6 54. Qd8+ Kb5 55. Qxd5+ Ka4 56. Rg4 Nb3+ 57. axb3+ Kxb3 58. Qxc4+ Kc2 59. Qe2 Kc1 60. Qe3 a5 61. Rd4 Kc2 62. Rxd2+ Kb3 63. g4 a4 64. g5 a3 65. g6 a2 66. g7 Ka4 67. g8=Q Kb5 68. f4 Ka4 69. f5 Kb5 70. f6 Kc6 71. f7 Kb5 72. f8=Q Ka4 73. c4 Ka5 74. c5 Ka4 75. c6 Kb5 76. c7 Ka5 77. c8=Q Kb5 78. Qb8+ Ka4 79. b3+ Ka5 80. b4+ Ka4 81. b5 Ka5 82. b6 Ka6 83. b7 Kb5 84. Qc7 Ka6 85. Kxa2 Kb5 86. Kb3 Ka6 87. Kc2 1-0


[Site "https://www.chess.com"]

[Event "Titled Tuesday Blitz April 11 Early 2023"]
[White "Averjanov, Alexey"]
[Black "Vachier-Lagrave, Maxime"]
[WhiteFideId "14109867"]
[BlackFideId "623539"]
[WhiteElo "2724"]
[BlackElo "2740"]
[Result "1/2-1/2"]
[Round "06"]
[TimeControl "180+2"]
[Date "2023.04.11"]
[WhiteClock "0:01:10"]
[BlackClock "0:01:49"]

1. d4 d5 2. c4 e6 3. Nf3 Nf6 4. e3 a6 5. Nbd2 b6 6. Bd3 Bb7 7. O-O Nbd7 8. Qe2 Bd6 9. e4 dxe4 10. Nxe4 Nxe4 11. Bxe4 Bxe4 12. Qxe4 O-O 13. Rd1 Qf6 14. b3 Qg6 15. Qxg6 hxg6 16. Bb2 f6 17. Re1 Kf7 18. Re2 g5 19. h3 Rfe8 20. Rae1 c5 21. Kf1 Rad8 22. Bc3 Nb8 23. dxc5 bxc5 24. Rd1 Bc7 25. Red2 Rxd2 26. Rxd2 Nc6 27. Rd7+ Re7 28. Rxe7+ Kxe7 29. Ke2 Nd8 30. Kd3 Kd7 31. a3 Bb6 32. Nd2 Nf7 33. f3 e5 34. b4 Nd8 35. Ne4 Ne6 36. b5 a5 37. a4 Nf4+ 38. Ke3 Nxg2+ 39. Kf2 Nf4 40. Nd2 Nxh3+ 41. Ke3 Nf4 42. Nb3 Ne6 43. Bxa5 Bxa5 44. Nxa5 Nd4 45. Nb7 Nb3 46. a5 Kc7 47. a6 f5 48. Kd3 g4 49. fxg4 fxg4 50. Ke3 g6 51. Kf2 Kb6 52. Nd6 Nd2 53. Nc8+ Kc7 54. Nd6 Kb6 55. Nc8+ Kc7 56. Nd6 Kb6 1/2-1/2


[Site "https://www.chess.com"]

[Event "Titled Tuesday Blitz April 11 Early 2023"]
[White "Sadhwani, Raunak"]
[Black "Jaferian, Koosha"]
[WhiteFideId "35093487"]
[BlackFideId "12507440"]
[WhiteElo "2631"]
[BlackElo "2073"]
[Result "1-0"]
[Round "06"]
[TimeControl "180+2"]
[Date "2023.04.11"]
[WhiteClock "0:01:11"]
[BlackClock "0:00:11"]

1. Nf3 d5 2. b3 Nf6 3. Bb2 Bf5 4. g3 e6 5. Bg2 h6 6. O-O Be7 7. d3 a5 8. a3 Nbd7 9. Nbd2 Bh7 10. Re1 O-O 11. e4 a4 12. b4 c5 13. b5 Qa5 14. c4 d4 15. Nf1 e5 16. Nh4 Rfe8 17. Nf5 Bf8 18. Bc1 Qd8 19. g4 Re6 20. N1g3 Ne8 21. h4 Nd6 22. g5 hxg5 23. hxg5 Bg6 24. Qg4 Qa5 25. Rf1 Qc3 26. Ra2 Qxd3 27. Bf3 Qxc4 28. Ra1 Qc3 29. Ra2 d3 30. Kg2 Qc4 31. Ra1 Bxf5 32. Nxf5 Nxf5 33. Qxf5 g6 34. Qh3 Bg7 35. Rh1 Qd4 36. Be3 Qd6 37. Bg4 Ree8 38. Bxd7 Red8 39. Bg4 c4 40. Rac1 Qxa3 41. Rxc4 b6 42. Bxb6 Qb3 43. Bc5 1-0


[Site "https://www.chess.com"]

[Event "Titled Tuesday Blitz April 11 Early 2023"]
[White "Iliaguev, Nisim"]
[Black "Demchenko, Anton"]
[WhiteFideId "2817276"]
[BlackFideId "4160258"]
[WhiteElo "2241"]
[BlackElo "2545"]
[Result "1-0"]
[Round "06"]
[TimeControl "180+2"]
[Date "2023.04.11"]
[WhiteClock "0:00:14"]
[BlackClock "0:00:03"]

1. c4 e5 2. g3 Nc6 3. Bg2 Bc5 4. e3 d6 5. Ne2 a6 6. O-O Ba7 7. d4 h5 8. h4 g5 9. hxg5 h4 10. dxe5 Nxe5 11. Nbc3 hxg3 12. Nxg3 Bg4 13. Qa4+ b5 14. cxb5 Kf8 15. Qf4 Rh4 16. Bd2 Ng6 17. Qe4 Rb8 18. Nf5 Qxg5 19. Nxh4 Nxh4 20. f4 Qg7 21. Kf2 Re8 22. Qb7 Bc8 23. Qd5 Nf6 24. Qg5 Ng4+ 25. Kg3 Nxg2 26. Qxg7+ Kxg7 27. Kxg2 Bb7+ 28. Kg3 Nxe3 29. Rfe1 Nf5+ 30. Kg4 Ne3+ 31. Bxe3 Bxe3 32. bxa6 1-0


[Site "https://www.chess.com"]

[Event "Titled Tuesday Blitz April 11 Early 2023"]
[White "Ibarra Jerez, Jose Carlos"]
[Black "Skvortsov, Andrei"]
[WhiteFideId "2226332"]
[BlackFideId "24108600"]
[WhiteElo "2638"]
[BlackElo "2259"]
[Result "1-0"]
[Round "06"]
[TimeControl "180+2"]
[Date "2023.04.11"]
[WhiteClock "0:00:54"]
[BlackClock "0:00:48"]

1. e4 c5 2. Nf3 d6 3. d4 Nf6 4. dxc5 Nxe4 5. cxd6 Nxd6 6. Nc3 Nc6 7. Bf4 Bg4 8. h3 Bh5 9. Qd5 Bxf3 10. Qxf3 f6 11. O-O-O e5 12. Bb5 Qb6 13. Nd5 Qd8 14. Ba4 exf4 15. Rhe1+ Kd7 16. Nxf4 Qa5 17. Bb3 Re8 18. Ne6 Ne5 19. Qxb7+ 1-0


[Site "https://www.chess.com"]

[Event "Titled Tuesday Blitz April 11 Early 2023"]
[White "Rustemov, Alexander"]
[Black "Veiga, Jose Francisco R P Neves"]
[WhiteFideId "4119002"]
[BlackFideId "1930087"]
[WhiteElo "2884"]
[BlackElo "2320"]
[Result "1-0"]
[Round "06"]
[TimeControl "180+2"]
[Date "2023.04.11"]
[WhiteClock "0:00:30"]
[BlackClock "0:00:05"]

1. d4 Nf6 2. c4 e6 3. Nf3 d5 4. Nc3 Be7 5. Bg5 O-O 6. e3 h6 7. Bxf6 Bxf6 8. Rc1 c6 9. Bd3 Nd7 10. O-O Re8 11. Qc2 dxc4 12. Bxc4 e5 13. Rfd1 exd4 14. Nxd4 Qa5 15. Ne4 Be7 16. Nb3 Qh5 17. Be2 Qg6 18. Ng3 Qxc2 19. Rxc2 Nf6 20. Rcd2 Be6 21. Nd4 Bb4 22. Rc2 Bd5 23. a3 Bf8 24. Bf3 Rad8 25. Bxd5 Rxd5 26. Rdc1 a5 27. Kf1 a4 28. Rc4 c5 29. Nb5 Rd2 30. R4c2 Red8 31. Nc3 Rxc2 32. Rxc2 Ng4 33. h3 Ne5 34. Nxa4 Rd1+ 35. Ke2 Rg1 36. Nxc5 b6 37. Nd3 Nxd3 38. Kxd3 Rxg2 39. h4 g6 40. h5 Bd6 41. hxg6 fxg6 42. Ne4 Be5 43. b4 h5 44. Rc6 h4 45. f4 h3 46. fxe5 h2 47. Nf6+ Kf7 48. Rc7+ Ke6 49. Rh7 Kxe5 50. Rxh2 1-0


[Site "https://www.chess.com"]

[Event "Titled Tuesday Blitz April 11 Early 2023"]
[White "Seo, Jung Min"]
[Black "Kuzubov, Yuriy"]
[WhiteFideId "1734687"]
[BlackFideId "14112906"]
[WhiteElo "2468"]
[BlackElo "2496"]
[Result "0-1"]
[Round "06"]
[TimeControl "180+2"]
[Date "2023.04.11"]
[WhiteClock "0:01:01"]
[BlackClock "0:01:03"]

1. d4 Nf6 2. c4 e6 3. Nf3 d5 4. Nc3 Bb4 5. Qa4+ Nc6 6. e3 O-O 7. Qc2 Re8 8. Bd2 Bf8 9. Be2 a6 10. cxd5 exd5 11. O-O g6 12. a3 Bf5 13. Bd3 Ne7 14. Ne2 Bxd3 15. Qxd3 Nf5 16. Rfc1 c6 17. Ng3 Nd6 18. Bb4 h5 19. Ne5 Kg7 20. a4 a5 21. Ba3 Ng4 22. Nf3 Ne4 23. Bxf8+ Kxf8 24. Nxe4 dxe4 25. Qa3+ Kg7 26. Nd2 Qh4 27. Nf1 Qxf2+ 28. Kh1 Re6 29. Qb3 Re7 30. Rc2 Qf6 31. Kg1 Qd6 32. h3 Nf6 33. Nd2 Nd5 34. Nc4 Qg3 35. Rf1 f5 36. Re2 f4 37. Qd1 f3 38. Ref2 g5 39. Kh1 g4 40. Qd2 Rf8 41. gxf3 Rxf3 42. Rxf3 exf3 43. e4 Qxh3+ 44. Kg1 Qg3+ 45. Kh1 Qh4+ 46. Kg1 Rxe4 47. Nd6 Qg3+ 0-1


[Site "https://www.chess.com"]

[Event "Titled Tuesday Blitz April 11 Early 2023"]
[White "Poliakova, Varvara"]
[Black "Keymer, Vincent"]
[WhiteFideId "13518313"]
[BlackFideId "12940690"]
[WhiteElo "2075"]
[BlackElo "2651"]
[Result "0-1"]
[Round "06"]
[TimeControl "180+2"]
[Date "2023.04.11"]
[WhiteClock "0:01:06"]
[BlackClock "0:02:19"]

1. e4 c6 2. d4 d5 3. Nd2 dxe4 4. Nxe4 Nf6 5. Nxf6+ exf6 6. c3 Bd6 7. Bd3 O-O 8. Qc2 Re8+ 9. Ne2 h5 10. O-O h4 11. h3 Nd7 12. Bd2 Nf8 13. Rae1 Bd7 14. f4 g6 15. c4 f5 16. b4 Rc8 17. Bc3 Be7 18. Kh1 Bf6 19. Ng1 Rxe1 20. Rxe1 Ne6 21. Qf2 c5 22. bxc5 Nxc5 23. Qe2 Nxd3 24. Qxd3 Qc7 25. c5 Qxf4 26. Nf3 Bc6 27. Bd2 Qg3 28. d5 Rd8 29. d6 b6 30. Nd4 Qxg2# 0-1


[Site "https://www.chess.com"]

[Event "Titled Tuesday Blitz April 11 Early 2023"]
[White "Bharath Subramaniyam H"]
[Black "Skliarov, Viktor"]
[WhiteFideId "46634827"]
[BlackFideId "14106736"]
[WhiteElo "2395"]
[BlackElo "2317"]
[Result "1-0"]
[Round "06"]
[TimeControl "180+2"]
[Date "2023.04.11"]
[WhiteClock "0:01:28"]
[BlackClock "0:00:04"]

1. d3 c5 2. Nf3 Nc6 3. g3 g6 4. Bg2 Bg7 5. O-O Nf6 6. e4 O-O 7. Nbd2 d6 8. h3 Rb8 9. Nh2 e5 10. Nc4 b5 11. Ne3 Nh5 12. Nd5 Ne7 13. Bg5 f6 14. Nxe7+ Qxe7 15. Be3 Be6 16. c3 Qd7 17. h4 Bh3 18. Re1 Bxg2 19. Kxg2 f5 20. exf5 Qxf5 21. Kg1 b4 22. g4 Qf6 23. gxh5 Qxh4 24. hxg6 Rf6 25. Kh1 Rxg6 26. Rg1 Rf8 27. Rxg6 hxg6 28. Qg4 Qxg4 29. Nxg4 bxc3 30. bxc3 e4 31. dxe4 Bxc3 32. Rd1 Re8 33. Rxd6 Rxe4 34. Nf6+ Bxf6 35. Rxf6 Ra4 36. Rxg6+ Kf7 37. Rc6 Rxa2 38. Rxc5 a6 39. Kg2 Ke6 40. Kg3 Kf6 41. f4 Ra3 42. Kf3 Ke6 43. Ke4 Ra4+ 44. Bd4 Ra2 45. f5+ Kf7 46. Rc7+ Kf8 47. Kd5 Re2 48. Be5 Rf2 49. Ke6 Kg8 50. Rc8+ 1-0


[Site "https://www.chess.com"]

[Event "Titled Tuesday Blitz April 11 Early 2023"]
[White "Gabrielian, Artur"]
[Black "Orlov, Georgi"]
[WhiteFideId "4131002"]
[BlackFideId "2011271"]
[WhiteElo "2432"]
[BlackElo "2595"]
[Result "1-0"]
[Round "06"]
[TimeControl "180+2"]
[Date "2023.04.11"]
[WhiteClock "0:00:14"]
[BlackClock "0:00:01"]

1. e4 b6 2. d4 Bb7 3. Nc3 e6 4. Bd3 Nf6 5. Qe2 Bb4 6. Bd2 d5 7. e5 Bxc3 8. bxc3 Ne4 9. Bc1 O-O 10. Qh5 f5 11. exf6 Nxf6 12. Qh3 Qe7 13. Nf3 h6 14. Ne5 Rd8 15. O-O Nbd7 16. Ng6 Qf7 17. Re1 Ne4 18. Nf4 e5 19. Bxe4 dxe4 20. Ne6 Rdc8 21. c4 exd4 22. Nxd4 Ne5 23. Qg3 Ng6 24. Bb2 Kh7 25. h4 Rf8 26. Rad1 Nf4 27. Ne2 Nh5 28. Qe3 Rad8 29. Ng3 Rxd1 30. Rxd1 Nf4 31. Be5 Ne6 32. h5 Qe7 33. Qc3 Qg5 34. Rd7 Bc6 35. Rd1 Nf4 36. Bxf4 Qxf4 37. Qd4 Rf7 38. Re1 Qg4 39. Re3 Qf4 40. Nxe4 Bxe4 41. Qxe4+ 1-0


[Site "https://www.chess.com"]

[Event "Titled Tuesday Blitz April 11 Early 2023"]
[White "Kukhmazov, Arsen"]
[Black "Rosen, Eric"]
[WhiteFideId "24108260"]
[BlackFideId "2032562"]
[WhiteElo "2396"]
[BlackElo "2331"]
[Result "0-1"]
[Round "06"]
[TimeControl "180+2"]
[Date "2023.04.11"]
[WhiteClock "0:00:05"]
[BlackClock "0:00:08"]

1. d4 d5 2. c4 e6 3. Nf3 Nf6 4. e3 a6 5. b3 b6 6. Bb2 Bb7 7. Bd3 Nbd7 8. O-O Bd6 9. Nbd2 O-O 10. Qe2 Qe7 11. Ne5 c5 12. Nxd7 Nxd7 13. cxd5 exd5 14. Rac1 Nf6 15. h3 Rfe8 16. Rfd1 Ne4 17. Bxe4 dxe4 18. Nc4 Bc7 19. d5 Rad8 20. d6 Bxd6 21. Nxb6 Bb8 22. Nc4 Bc8 23. Rxd8 Rxd8 24. Rd1 f6 25. Rxd8+ Qxd8 26. Qd2 Qxd2 27. Nxd2 f5 28. Kf1 Kf7 29. Nc4 g5 30. Ke2 Ke6 31. Bg7 Ba7 32. Kd2 Bd7 33. a4 Bc6 34. Be5 Bd5 35. Bc7 Kd7 36. Be5 Kc6 37. Kc3 g4 38. hxg4 fxg4 39. Nd2 h5 40. Bf6 Bb6 41. Nf1 Ba5+ 42. Kc2 Bc7 43. Bh4 Bf7 44. Bg3 Bd8 45. Be5 h4 46. Nh2 Be6 47. Bf4 Be7 48. Kc3 Bf6+ 49. Kc2 Kd5 50. Nf1 h3 51. gxh3 gxh3 52. Bg3 Bg4 53. Nh2 Be2 54. Kd2 Bh5 55. Nf1 Bd8 56. Bf4 Ba5+ 57. Kc2 c4 58. Ng3 Bf3 59. bxc4+ Kxc4 60. Nf5 Kb4 61. Nd4 Kxa4 62. Bd6 Be1 63. Bg3 Kb4 64. Nxf3 exf3 65. Kd1 Bc3 66. e4 Kc4 67. Kc2 Bd4 68. e5 Kd5 0-1


[Site "https://www.chess.com"]

[Event "Titled Tuesday Blitz April 11 Early 2023"]
[White "Timofeev, Artyom"]
[Black "Arias, Juan Cruz"]
[WhiteFideId "4140419"]
[BlackFideId "118540"]
[WhiteElo "2586"]
[BlackElo "2243"]
[Result "1/2-1/2"]
[Round "06"]
[TimeControl "180+2"]
[Date "2023.04.11"]
[WhiteClock "0:00:16"]
[BlackClock "0:00:06"]

1. c4 e6 2. Nc3 d5 3. d4 Nf6 4. Bg5 dxc4 5. e4 c5 6. d5 Be7 7. dxe6 Bxe6 8. Qxd8+ Bxd8 9. Nf3 O-O 10. e5 Nfd7 11. Bxd8 Rxd8 12. O-O-O Nc6 13. Re1 a6 14. g3 b5 15. Bg2 Rac8 16. Re3 Nb6 17. Ng5 Nd4 18. Nxe6 fxe6 19. f4 b4 20. Ne4 Nd5 21. Ree1 c3 22. bxc3 Nxc3 23. Nxc3 bxc3 24. Re3 Rb8 25. Be4 Rb2 26. Rxc3 Rxa2 27. Kb1 Re2 28. Bc2 Rb8+ 29. Kc1 Rb5 30. Bd3 Ra5 31. Bxe2 Nxe2+ 32. Kd2 Nxc3 33. Kxc3 Ra2 34. g4 Rf2 35. Kc4 Rxf4+ 36. Kxc5 Kf7 37. h3 Re4 38. Kd6 Rd4+ 39. Kc6 Rd5 40. Re1 a5 41. Kb6 Kg6 42. h4 h6 43. Re4 Kf7 44. Kc6 Kg6 45. Kb6 h5 46. Kc6 Kh6 47. g5+ Kg6 48. Rf4 Rxe5 49. Kd6 Re1 50. Ra4 Kf5 51. Rxa5+ e5 52. Ra7 Rd1+ 53. Ke7 e4 54. Kf7 g6 55. Ra5+ Kf4 56. Kxg6 e3 57. Rf5+ Ke4 58. Rf8 e2 59. Re8+ Kf3 60. Kxh5 e1=Q 61. Rxe1 Rxe1 62. g6 Kf4 63. g7 Rg1 64. Kh6 Kf5 65. Kh7 Rxg7+ 66. Kxg7 Kg4 67. h5 Kxh5 1/2-1/2


[Site "https://www.chess.com"]

[Event "Titled Tuesday Blitz April 11 Early 2023"]
[White "slidingknight2775"]
[Black "Real_OceanStorm"]
[WhiteElo "2586"]
[BlackElo "2804"]
[Result "0-1"]
[Round "06"]
[TimeControl "180+2"]
[Date "2023.04.11"]
[WhiteClock "0:00:03"]
[BlackClock "0:00:43"]

1. d4 Nf6 2. c4 g6 3. Nc3 d6 4. e4 c5 5. d5 Nbd7 6. Nf3 Bg7 7. h3 O-O 8. Bd3 b6 9. O-O Nh5 10. Re1 Ne5 11. Nxe5 Bxe5 12. Ne2 f5 13. exf5 Bxf5 14. Bxf5 gxf5 15. f4 Bg7 16. Nc3 Bxc3 17. bxc3 Ng3 18. Qf3 Ne4 19. g4 Kh8 20. g5 e5 21. dxe6 Qe8 22. Rb1 Qxe6 23. Rb2 Qxc4 24. Rg2 Rg8 25. h4 Rae8 26. h5 Nxg5 27. Rxg5 Rxe1+ 28. Kh2 Rxc1 29. Rxg8+ Qxg8 0-1


[Site "https://www.chess.com"]

[Event "Titled Tuesday Blitz April 11 Early 2023"]
[White "Asis Gargatagli, Hipolito"]
[Black "Martic, Ivan"]
[WhiteFideId "2260735"]
[BlackFideId "929301"]
[WhiteElo "2557"]
[BlackElo "2360"]
[Result "1-0"]
[Round "06"]
[TimeControl "180+2"]
[Date "2023.04.11"]
[WhiteClock "0:01:56"]
[BlackClock "0:00:23"]

1. e4 c5 2. Nf3 Nf6 3. Nc3 d5 4. Bb5+ Bd7 5. e5 Bxb5 6. Nxb5 Nfd7 7. e6 fxe6 8. O-O a6 9. Nc3 Nc6 10. Re1 Nf6 11. Rxe6 Qd7 12. Re1 g6 13. Na4 Qd6 14. d4 cxd4 15. Nxd4 Nxd4 16. Qxd4 Bg7 17. Bf4 Qc6 18. Nc5 O-O 19. Ne6 Nh5 20. Be5 Bxe5 21. Qxe5 Rf5 22. Qe3 Rf6 23. Nd4 Qb6 24. g3 Raf8 25. f4 Nxf4 26. gxf4 Rxf4 27. Qe6+ R8f7 28. Qxb6 1-0


[Site "https://www.chess.com"]

[Event "Titled Tuesday Blitz April 11 Early 2023"]
[White "Goltsev, Dmitry"]
[Black "Trifan, Andrei Ioan"]
[WhiteFideId "24176710"]
[BlackFideId "12967068"]
[WhiteElo "2336"]
[BlackElo "2208"]
[Result "1-0"]
[Round "06"]
[TimeControl "180+2"]
[Date "2023.04.11"]
[WhiteClock "0:01:10"]
[BlackClock "0:00:08"]

1. e4 e5 2. Nf3 Nc6 3. Bb5 a6 4. Ba4 Nf6 5. O-O Be7 6. Re1 b5 7. Bb3 d6 8. c3 O-O 9. h3 Nb8 10. d4 Nbd7 11. Nbd2 Bb7 12. a4 c5 13. dxe5 Nxe5 14. Bc2 Qc7 15. Nf1 Rad8 16. Ng3 g6 17. Bh6 Rfe8 18. axb5 axb5 19. Qe2 Bc6 20. Red1 d5 21. Nxe5 Qxe5 22. f4 Qc7 23. e5 c4 24. Kh2 Bc5 25. Qf1 Ne4 26. Bxe4 dxe4 27. Qe1 e3 28. Nh5 Re6 29. Nf6+ Rxf6 30. exf6 Re8 31. Qh4 e2 32. Re1 Qd7 33. Qg5 Bf2 34. Bf8 Qf5 35. Qxf5 gxf5 36. Be7 Bxe1 37. Rxe1 Be4 38. Rxe2 Ra8 39. Re3 Kh8 40. g4 Rg8 41. Bc5 h5 42. g5 Kh7 43. Re1 Rd8 44. Bd4 b4 45. Ra1 bxc3 46. bxc3 Rb8 47. Kg3 Rb2 48. Ra7 Bd5 49. Rd7 Be6 50. Rd8 Rd2 51. Kh4 Rd3 52. Rd6 Bc8 53. Rb6 Be6 54. Rxe6 fxe6 55. f7 Rf3 56. f8=Q 1-0


[Site "https://www.chess.com"]

[Event "Titled Tuesday Blitz April 11 Early 2023"]
[White "Molina, Roberto Junio Brito"]
[Black "Berezin, Viktor"]
[WhiteFideId "2109450"]
[BlackFideId "14107872"]
[WhiteElo "2376"]
[BlackElo "2310"]
[Result "1-0"]
[Round "06"]
[TimeControl "180+2"]
[Date "2023.04.11"]
[WhiteClock "0:00:24"]
[BlackClock "0:00:03"]

1. d4 Nf6 2. Nf3 g6 3. e3 Bg7 4. b3 d6 5. Bb2 O-O 6. c4 Nc6 7. d5 Nb8 8. Nc3 e5 9. e4 c6 10. Be2 Na6 11. O-O Nc5 12. Qc2 a5 13. Ne1 Nfd7 14. Nd3 Nxd3 15. Bxd3 Nc5 16. Be2 f5 17. exf5 gxf5 18. f4 e4 19. Nd1 cxd5 20. Bxg7 Kxg7 21. cxd5 Qf6 22. Ne3 Qd4 23. Qc1 Bd7 24. Kh1 Rac8 25. Nc4 Qf6 26. Qd2 a4 27. b4 Nd3 28. Bxd3 exd3 29. Nb6 Bb5 30. Nxc8 Rxc8 31. Rac1 Bc4 32. Rf3 Qd4 33. Rxd3 Qf6 34. Rg3+ Kf7 35. b5 Rc5 36. h3 Rxd5 37. Qb4 Bxb5 38. Rc7+ Kf8 39. Rxb7 Rd1+ 40. Kh2 Qa1 41. Re3 Rh1+ 42. Kg3 Rb1 43. Qxd6+ Kg8 44. Qd8+ Be8 45. Rxe8# 1-0


[Site "https://www.chess.com"]

[Event "Titled Tuesday Blitz April 11 Early 2023"]
[White "Shuvalov, Evgenij"]
[Black "Hambleton, Aman"]
[WhiteFideId "4187237"]
[BlackFideId "2606577"]
[WhiteElo "2080"]
[BlackElo "2511"]
[Result "1-0"]
[Round "06"]
[TimeControl "180+2"]
[Date "2023.04.11"]
[WhiteClock "0:01:10"]
[BlackClock "0:00:01"]

1. d4 e5 2. dxe5 Nc6 3. Nf3 Qe7 4. Nc3 Nxe5 5. Nxe5 Qxe5 6. e4 Bc5 7. Bd3 Nf6 8. O-O d6 9. Kh1 Ng4 10. f4 Qh5 11. h3 Qh4 12. Qf3 Nf2+ 13. Kh2 Ng4+ 14. Kh1 Nf2+ 15. Kh2 Bg4 16. Qg3 Qxg3+ 17. Kxg3 Nxd3 18. cxd3 Be6 19. Kf3 f5 20. Be3 Bxe3 21. Kxe3 Kd7 22. Rae1 Rhe8 23. Kd2 c5 24. g4 g6 25. exf5 gxf5 26. g5 Bf7 27. h4 1-0


[Site "https://www.chess.com"]

[Event "Titled Tuesday Blitz April 11 Early 2023"]
[White "Yelisieiev, Yevhenii"]
[Black "Ioannidis, Evgenios"]
[WhiteFideId "14139642"]
[BlackFideId "4229274"]
[WhiteElo "2425"]
[BlackElo "2386"]
[Result "0-1"]
[Round "06"]
[TimeControl "180+2"]
[Date "2023.04.11"]
[WhiteClock "0:00:06"]
[BlackClock "0:01:11"]

1. d4 Nf6 2. Nf3 d5 3. c4 e6 4. g3 dxc4 5. Bg2 Bd7 6. a4 Bc6 7. O-O a6 8. a5 Nbd7 9. Nbd2 b5 10. axb6 Nxb6 11. Qc2 Qd5 12. e4 Qb5 13. Ne5 Bb7 14. Ndxc4 Nxc4 15. Nxc4 Bb4 16. Bg5 Qxg5 17. e5 Bxg2 18. Qa4+ Nd7 19. Kxg2 Qe7 20. Rfc1 O-O 21. Ne3 Nb6 22. Qc6 Rfc8 23. Rc2 Qd7 24. Qe4 Nd5 25. Rac1 Nxe3+ 26. Qxe3 Qd5+ 27. f3 c6 28. h4 Rc7 29. h5 h6 30. g4 Be7 31. Ra1 a5 32. Qd2 Rd7 33. Ra4 Rb8 34. Rcc4 Qxe5 35. Rxa5 Qc7 36. b4 Bf6 37. Qc3 Qf4 38. Rxc6 Rxd4 39. Rc8+ Rxc8 40. Qxc8+ Rd8 41. Qc2 Rd2+ 0-1


[Site "https://www.chess.com"]

[Event "Titled Tuesday Blitz April 11 Early 2023"]
[White "Rodshtein, Maxim"]
[Black "Devaev, Alexander"]
[WhiteFideId "2806851"]
[BlackFideId "4169395"]
[WhiteElo "2555"]
[BlackElo "2204"]
[Result "1-0"]
[Round "06"]
[TimeControl "180+2"]
[Date "2023.04.11"]
[WhiteClock "0:00:13"]
[BlackClock "0:00:05"]

1. e4 c6 2. Nf3 d5 3. d3 d4 4. g3 c5 5. Bg2 Nc6 6. O-O e5 7. Na3 h6 8. Nc4 Qc7 9. Nh4 Be6 10. f4 Nf6 11. b3 O-O-O 12. Nf3 Nd7 13. a4 Be7 14. Bd2 f6 15. Nh4 Rhe8 16. Qh5 Bf8 17. Ng6 Bf7 18. Qg4 Kb8 19. h4 Be6 20. Qf3 Bf7 21. h5 Ka8 22. Bh3 Bd6 23. Bf5 Nf8 24. Qg4 Nxg6 25. Bxg6 Bxg6 26. hxg6 Kb8 27. Kg2 Ka8 28. Rf2 Kb8 29. Raf1 Re7 30. Qh5 Rde8 31. Qg4 b6 32. Ra1 Kb7 33. Rff1 Kb8 34. Qf5 Kb7 35. Na3 a6 36. Nc4 Qd7 37. g4 Bc7 38. fxe5 Nxe5 39. Qxd7 Nxd7 40. Kh3 Kc6 41. Rf5 Ne5 42. Nxe5+ Rxe5 43. Raf1 R5e7 44. Kh4 Be5 45. Kh5 b5 46. axb5+ axb5 47. Ra1 Kb6 48. Bf4 c4 49. bxc4 bxc4 50. Bxe5 Rxe5 51. Ra4 Rxf5+ 52. gxf5 cxd3 53. cxd3 Kc5 54. Rc4+ Kb5 55. Rxd4 Re7 56. Rd5+ Kb4 57. Kg4 Kc3 58. Kf4 Kd2 59. Rd8 Ke2 60. d4 Kd3 61. e5 fxe5+ 62. dxe5+ Ke2 63. f6 gxf6 64. exf6 Rd7 65. Rxd7 1-0


[Site "https://www.chess.com"]

[Event "Titled Tuesday Blitz April 11 Early 2023"]
[White "Fishchuk, Vladyslav"]
[Black "Ramirez Vido, Robert Yorisan"]
[WhiteFideId "34122117"]
[BlackFideId "3513823"]
[WhiteElo "2082"]
[BlackElo "2467"]
[Result "1-0"]
[Round "06"]
[TimeControl "180+2"]
[Date "2023.04.11"]
[WhiteClock "0:00:19"]
[BlackClock "0:00:19"]

1. d4 g6 2. Nc3 Nf6 3. Bf4 d5 4. e3 c6 5. h4 h5 6. Nf3 Bg4 7. Be2 Bxf3 8. Bxf3 Qb6 9. b3 Bg7 10. Qd3 O-O 11. O-O Nbd7 12. Na4 Qa5 13. c4 dxc4 14. Qxc4 b5 15. Qc3 Qxc3 16. Nxc3 Rac8 17. Rac1 a6 18. Rfd1 c5 19. dxc5 Rxc5 20. Nd5 Nxd5 21. Rxc5 Nxc5 22. Rxd5 Ne6 23. Bg3 Rc8 24. Rd7 Rc1+ 25. Kh2 Rc2 26. a4 Rb2 27. axb5 axb5 28. Bd5 b4 29. Rb7 Bc3 30. Rb5 Kg7 31. Bc4 Nd8 32. Rxb4 Nc6 33. Rb6 Na5 34. Rc6 Nxb3 35. Bxb3 Rxb3 36. Rxc3 1-0


[Site "https://www.chess.com"]